 Dungeon Crawl Stone Soup version 0.21.1-1-g345015f (webtiles) character file.

11354 toucherabbit the Cleaver (level 11, -9/97 HPs)
             Began as a Minotaur Fighter on Mar 27, 2018.
             Was a Follower of Cheibriados.
             Shot with an arrow by a minotaur (28 damage)
             ... in a labyrinth.
             The game lasted 00:22:06 (8341 turns).

toucherabbit the Cleaver (Minotaur Fighter)         Turns: 8341, Time: 00:22:07

Health: -9/97      AC: 13    Str: 29    XL:     11   Next: 48%
Magic:  0/10       EV: 14    Int:  8    God:    Cheibriados [*.....]
Gold:   150        SH: 13    Dex: 19    Spells: 9/10 levels left

rFire    + . .     SeeInvis +   d - +3 war axe (freeze)
rCold    + . .     Gourm    .   P - +0 shield {rF+}
rNeg     + . .     Faith    .   y - +5 ring mail of Vetaaff {rPois rC+ MR+ Dex+4}
rPois    +         Spirit   +   (helmet restricted)
rElec    .         Reflect  .   A - scarf {cloud immunity}
rCorr    .         Harm     .   Q - +0 pair of gloves (curse)
MR       +....                  (no boots)
Stlth    ++........             h - amulet of guardian spirit
HPRegen  0.66/turn              e - ring of positive energy
MPRegen  0.12/turn              T - +4 ring of slaying

@: about to teleport, very slow
A: retaliatory headbutt, horns 2, see invisible, agile 1, regeneration 1, strong
1
a: Bend Time, Renounce Religion


You were in a labyrinth.
You worshipped Cheibriados.
Cheibriados was aware of your devotion.
You were very hungry.

You visited 3 branches of the dungeon, and saw 12 of its levels.
You also visited: Labyrinth.

You collected 652 gold pieces.
You spent 502 gold pieces at shops.

Inventory:

Hand Weapons
 a - a +0 war axe
 d - a +3 war axe of freezing (weapon)
Missiles
 M - 4 tomahawks of returning (quivered)
Armour
 c - a +0 shield
 y - the +5 ring mail of Vetaaff (worn) {rPois rC+ MR+ Dex+4}
   (You found it on level 6 of the Dungeon)

   It affects your dexterity (+4).
   It protects you from cold.
   It protects you from poison.
   It affects your resistance to hostile enchantments.
 A - a scarf of cloud immunity (worn)
 P - a +0 shield of fire resistance (worn)
 Q - a cursed +0 pair of gloves (worn)
 X - a +1 plate armour of magic resistance
Jewellery
 e - a ring of positive energy (left hand)
 h - an amulet of guardian spirit (around neck)
 q - an uncursed ring of see invisible
 w - an uncursed ring of protection from cold
 z - an uncursed ring of resist corrosion
 T - a +4 ring of slaying (right hand)
Wands
 s - a wand of scattershot (2)
 D - a wand of flame (19)
 N - a wand of disintegration (16)
 U - a wand of paralysis (16)
Scrolls
 k - 8 scrolls of remove curse
 l - 3 scrolls of teleportation
 m - 2 scrolls of enchant armour
 n - 3 scrolls of identify
 x - a scroll of blinking
 B - a scroll of fog
 C - a scroll of random uselessness
 E - 2 scrolls of amnesia
 G - 2 scrolls of enchant weapon
 L - a scroll of noise
 W - a scroll of vulnerability
Potions
 g - 3 potions of flight
 i - 2 potions of degeneration
 j - 5 potions of curing
 o - 7 potions of mutation
 p - a potion of ambrosia {unknown}
 r - a potion of berserk rage {unknown}
 t - 2 potions of lignification
 u - a potion of resistance {unknown}
 v - a potion of haste {unknown}
 H - 2 potions of heal wounds
 J - a potion of agility
 K - a potion of brilliance {unknown}
Books
 I - a book of Cantrips

   Spells                             Type                      Level
   a - Confusing Touch                Hexes                        1
   b - Animate Skeleton               Necromancy                   1
   c - Summon Small Mammal            Summoning                    1
   d - Apportation                    Translocation                1
 R - a book of Conjurations

   Spells                             Type                      Level
   a - Magic Dart                     Conjuration                  1
   b - Searing Ray                    Conjuration                  2
   c - Dazzling Spray                 Conjuration/Hexes            3
   d - Fulminant Prism                Conjuration/Hexes            4
   e - Force Lance                    Conjuration/Translocation    4
   f - Iskenderun's Mystic Blast      Conjuration                  4
 S - a Fen Folio

   Spells                             Type                      Level
   a - Corpse Rot                     Necromancy                   2
   b - Stone Arrow                    Conjuration/Earth            3
   c - Leda's Liquefaction            Hexes/Earth                  4
   d - Summon Forest                  Summoning/Translocation      5
   e - Hydra Form                     Transmutation                6
   f - Summon Hydra                   Summoning                    7
 V - a book of Changes

   Spells                             Type                      Level
   a - Beastly Appendage              Transmutation                1
   b - Sticks to Snakes               Transmutation                2
   c - Spider Form                    Transmutation/Poison         3
   d - Ice Form                       Ice/Transmutation            4
   e - Blade Hands                    Transmutation                5
Comestibles
 f - 18 rations


   Skills:
 + Level 9.2 Fighting
 + Level 14.7 Axes
 + Level 7.6 Armour
 + Level 5.5 Dodging
 + Level 2.7 Stealth
 + Level 9.5 Shields


You had 9 spell levels left.
You knew the following spells:

 Your Spells              Type           Power        Failure   Level  Hunger
a - Confusing Touch       Hex            #.....       77%         1    ##.....


Dungeon Overview and Level Annotations

Branches:
Dungeon (9/15)             Temple (1/1) D:5            Lair (2/6) D:9
  Swamp: Lair:2-4    Shoals: Lair:2-4     Snake: Lair:2-4    Spider: Lair:2-4
    Orc: D:9-12

Altars:
Ashenzari
Cheibriados
Dithmenos
Elyvilon
Fedhas
Gozag
Hepliaklqana
Kikubaaqudgha
Makhleb
Nemelex Xobeh
Okawaru
Qazlal
Ru
Sif Muna
Trog
Uskayaw
Xom
Yredelemnul
Zin
The Shining One

Shops:
D:8 %   D:9 !%!(?


Innate Abilities, Weirdness & Mutations

You reflexively headbutt those who attack you in melee.
You have a pair of horns on your head.
You have supernaturally acute eyesight. (SInv)
You are agile. (Dex +2)
Your natural rate of healing is unusually fast.
Your muscles are strong. (Str +2)


Message History

Your shield prevents you from hitting the minotaur.
You headbutt the minotaur, but do no damage.
The minotaur is moderately wounded.
The minotaur hits you with an uncursed vampiric demon blade!
* * * LOW HITPOINT WARNING * * *
The minotaur draws strength from your wounds!
You block the minotaur's attack.
The minotaur unwields an uncursed vampiric demon blade.
The minotaur wields an uncursed shortbow of freezing.
It is covered in frost.
The minotaur shoots an arrow.
You block the arrow.
You see here 3 arrows.
The minotaur shoots an arrow.
The arrow hits you!
* * * LOW HITPOINT WARNING * * *
The arrow freezes you.
* * * LOW HITPOINT WARNING * * *
You see here an arrow.
As you read the scroll of teleportation, it crumbles to dust.
You feel strangely unstable.
The minotaur shoots an arrow.
The arrow hits you!!
You die...

#.# #.###
...#....
#.##..########
...#.#8.8[8รท8
###.#.'......<
#....(#8.8[8}8#
#.
#.###H#########.#
# . #...(........
. # #.#.
###.#@#.#.#..##.
# .# #.#.#.
...... #.#.# # .
# # #.#.#.# ..
###.#.## ### ##
#.#...# # .#.#
###.#.# #. .# #
#. .#.#.. . #
##### ## # ## #


You could see a minotaur.

Vanquished Creatures
  3 two-headed ogres
  2 oklob plants (Lair:1)
  A spiny frog (Lair:1)
  A troll (D:9)
  Prince Ribbit (D:8)
  2 hippogriffs
  4 blink frogs (Lair:1)
  14 yaks
  A hungry ghost (D:9)
  The ghost of dirtydan the Slasher, an amateur GnWn of Gozag (D:4)
  A steam dragon (D:7)
  2 water moccasins (Lair:1)
  A porcupine (D:9)
  3 black bears
  An ice beast (D:9)
  2 orc warriors (D:9)
  2 phantoms
  3 sky beasts
  A necrophage (D:8)
  5 ogres
  A centaur (D:7)
  A crocodile (Lair:1)
  A big kobold (D:8)
  4 bullfrogs
  4 scorpions
  5 killer bees (D:8)
  12 wights
  A howler monkey (D:6)
  3 crimson imps
  A quasit (D:7)
  4 hounds
  3 iron imps (D:6)
  2 jellies (D:6)
  A bullfrog skeleton (D:6)
  An orc priest (D:7)
  7 orc wizards
  A centaur skeleton (D:8)
  7 worker ants
  2 hound zombies
  A hound skeleton (D:8)
  2 worker ant zombies
  A howler monkey zombie (D:5)
  6 gnolls
  10 adders
  2 shadow imps (D:6)
  3 oozes
  2 adder zombies
  A dart slug (D:1)
  5 leopard geckos
  18 orcs
  11 giant cockroaches
  5 goblins
  5 hobgoblins
  8 jackals
  3 quokkas
  7 bats
  5 frilled lizards
  2 jackal skeletons
  14 kobolds
  A quokka zombie (D:7)
  8 rats
  2 plants (Lair:1)
234 creatures vanquished.

Notes
Turn   | Place    | Note
-------+----------+-------------------------------------------
     0 | D:1      | toucherabbit the Minotaur Fighter began the quest for the Orb.
     0 | D:1      | Reached XP level 1. HP: 19/19 MP: 0/0
   172 | D:1      | Reached XP level 2. HP: 25/27 MP: 1/1
   249 | D:1      | Reached skill level 3 in Axes
   259 | D:1      | Reached XP level 3. HP: 25/33 MP: 2/2
   497 | D:1      | You fall through a shaft!
   998 | D:2      | Reached XP level 4. HP: 34/40 MP: 3/3
  1020 | D:2      | Reached skill level 4 in Axes
  1906 | D:3      | Found a stormy altar of Qazlal.
  2221 | D:4      | Reached XP level 5. HP: 37/47 MP: 4/4
  2448 | D:4      | Noticed dirtydan's ghost (amateur GnWn)
  2459 | D:4      | Killed dirtydan's ghost
  2459 | D:4      | Reached skill level 5 in Axes
  2459 | D:4      | Reached skill level 1 in Dodging
  2459 | D:4      | Reached XP level 6. HP: 38/55 MP: 5/5
  2549 | D:4      | Reached skill level 5 in Shields
  2587 | D:4      | You fall through a shaft for 2 floors!
  2602 | D:5      | Entered Level 5 of the Dungeon
  2607 | D:5      | Found a basalt altar of Yredelemnul.
  2620 | D:5      | Found a staircase to the Ecumenical Temple.
  2692 | D:5      | Found a sparkling altar of Nemelex Xobeh.
  2873 | D:5      | Found a blossoming altar of Fedhas.
  2975 | D:5      | Found a hazy altar of Hepliaklqana.
  3354 | Temple   | Entered the Ecumenical Temple
  3786 | D:6      | Reached skill level 5 in Armour
  3800 | D:6      | Got a crude ring mail
  3811 | D:6      | Identified the +5 ring mail of Vetaaff {rPois rC+ MR+ Dex+4} (You found it on level 6 of the Dungeon)
  3903 | D:6      | Reached skill level 6 in Axes
  3903 | D:6      | Reached XP level 7. HP: 44/60 MP: 4/6
  4083 | D:6      | Reached skill level 5 in Fighting
  4102 | D:6      | Found a burning altar of Makhleb.
  4114 | D:6      | Reached skill level 7 in Axes
  4278 | D:6      | Reached XP level 8. HP: 29/68 MP: 3/7
  4436 | D:6      | Reached skill level 8 in Axes
  4555 | D:7      | Reached skill level 9 in Axes
  4573 | D:7      | Reached skill level 1 in Stealth
  4747 | D:7      | Reached skill level 10 in Axes
  4792 | D:7      | Reached XP level 9. HP: 68/75 MP: 8/8
  4992 | D:8      | Found a basalt altar of Yredelemnul.
  5047 | D:8      | Noticed a two-headed ogre
  5053 | D:8      | Killed a two-headed ogre
  5053 | D:8      | Reached skill level 11 in Axes
  5120 | D:8      | Noticed a two-headed ogre
  5126 | D:8      | Killed a two-headed ogre
  5126 | D:8      | Reached skill level 12 in Axes
  5126 | D:8      | Reached XP level 10. HP: 86/86 MP: 9/9
  5128 | D:8      | Got a polished ring mail
  5139 | D:8      | Identified the cursed +1 ring mail "Gafayly" {MR+ Int+2} (You found it on level 8 of the Dungeon)
  5188 | D:8      | Found Ezeh's Food Boutique.
  5472 | D:8      | Learned a level 1 spell: Confusing Touch
  5539 | D:8      | Noticed Prince Ribbit
  5544 | D:8      | Killed Prince Ribbit
  5736 | D:9      | Reached skill level 13 in Axes
  5775 | D:9      | Found Nuafeda's Distillery.
  5785 | D:9      | Bought a potion of heal wounds for 80 gold pieces
  5785 | D:9      | Bought a potion of degeneration for 16 gold pieces
  5785 | D:9      | Bought a potion of flight for 48 gold pieces
  5785 | D:9      | Bought a potion of mutation for 128 gold pieces
  5785 | D:9      | Bought a potion of lignification for 48 gold pieces
  5785 | D:9      | Bought a potion of agility for 64 gold pieces
  5785 | D:9      | Bought a potion of flight for 48 gold pieces
  5785 | D:9      | Gained mutation: Your muscles are strong. (Str +2) [potion of mutation]
  5785 | D:9      | Gained mutation: Your natural rate of healing is unusually fast. [potion of mutation]
  5785 | D:9      | Gained mutation: You are agile. (Dex +2) [potion of mutation]
  5785 | D:9      | Gained mutation: You have supernaturally acute eyesight. (SInv) [potion of mutation]
  5789 | D:9      | Found Gisatiwnol's Magic Scroll Shop.
  5794 | D:9      | Bought a scroll of noise for 14 gold pieces
  5794 | D:9      | Bought a scroll of identify for 28 gold pieces
  5794 | D:9      | Bought a scroll of identify for 28 gold pieces
  5831 | D:9      | Found a staircase to the Lair.
  5865 | D:9      | Found Raisogga's Food Boutique.
  6079 | D:9      | Noticed a two-headed ogre
  6085 | D:9      | Killed a two-headed ogre
  6099 | D:9      | Found an ancient bone altar of Kikubaaqudgha.
  6099 | D:9      | Found a snail-covered altar of Cheibriados.
  6100 | D:9      | Found a shimmering altar of Xom.
  6100 | D:9      | Found a stormy altar of Qazlal.
  6106 | D:9      | Became a worshipper of Cheibriados the Contemplative
  6268 | D:9      | Found Sionan's Distillery.
  6390 | D:9      | Found Lehobeju's Weapon Shop.
  6449 | D:9      | Reached skill level 5 in Dodging
  6781 | Lair:1   | Entered Level 1 of the Lair of Beasts
  6791 | Lair:1   | Reached * piety under Cheibriados
  6795 | Lair:1   | Reached skill level 14 in Axes
  6795 | Lair:1   | Reached XP level 11. HP: 72/95 MP: 7/10
  7141 | Lair:1   | Noticed an oklob plant
  7143 | Lair:1   | Noticed an oklob plant
  7235 | Lair:1   | Killed an oklob plant
  7240 | Lair:1   | Killed an oklob plant
  7659 | Lair:2   | Found a labyrinth entrance.
  7693 | Lab      | Entered a labyrinth
  8327 | Lab      | Noticed a minotaur
  8341 | Lab      | Shot with an arrow by a minotaur

Skill      XL: |  1  2  3  4  5  6  7  8  9 10 11 |
---------------+----------------------------------+-----
Fighting       | 4 5 6 7 8 9 |  9.2
Axes           | 3 4 5 6 7 10 12 14 | 14.7
Shields        | 4 5 6 7 8 9 |  9.5
Armour         | 4 5 6 7 |  7.6
Dodging        | 1 2 3 4 5 |  5.5
Stealth        | 1 2 |  2.7

Action                   |  1- 3 |  4- 6 |  7- 9 | 10-12 || total
-------------------------+-------+-------+-------+-------++-------
Melee: War axe           |    92 |   120 |   162 |   202 ||   576
       Headbutt          |    13 |    18 |    26 |    54 ||   111
Invok: Bend Time         |       |       |       |     1 ||     1
Evoke: Wand              |       |       |     1 |     1 ||     2
  Use: Potion            |       |       |     1 |     1 ||     2
       Scroll            |       |       |       |    11 ||    11
 Stab: Sleeping          |       |       |       |     2 ||     2
  Eat: Chunk             |       |     7 |       |     9 ||    16
       Ration            |       |     1 |     1 |       ||     2
Armor: Scale mail        |    47 |    60 |       |       ||   107
       Ring mail         |       |     1 |    65 |    45 ||   111
Dodge: Dodged            |    25 |    36 |    62 |    54 ||   177
Block: Shield            |    51 |    69 |    84 |   111 ||   315
